Havana Tropicals vs Long Beach Ice Dogs
Created - Sunday, May 7, 2023 at 07:13
Goals
|
| Havana Tropicals |
1 |
1 |
2 |
4 |
| Long Beach Ice Dogs |
0 |
3 |
3 |
6 |
|
Shots
|
| Havana Tropicals |
14 |
16 |
18 |
48 |
| Long Beach Ice Dogs |
8 |
14 |
15 |
37 |
|
1st period
1. Havana Tropicals , Teddy Blueger 34 (Zach Aston-Reese 38, Pierre-Edouard Bellemare 41) at 14:04 (PP)
Penalties :
Zack Kassian (TRM) for Slashing (Minor) at 0:55, Riley Stillman (TRM) for Roughing (Minor) at 7:03, Trey Fix-Wolansky (TRM) for Hooking (Minor) at 13:34, Mathieu Olivier (TRM) for Hooking (Minor) at 14:27, Milan Lucic (HAV) for Holding (Minor) at 15:10
2nd period
2. Long Beach Ice Dogs , Victor Rask 23 (Mark Pysyk 20, Justin Schultz 22) at 4:18
3. Havana Tropicals , Teddy Blueger 35 (Robert Bortuzzo 14, Zach Whitecloud 17) at 6:49 (PP)
4. Long Beach Ice Dogs , Zack Kassian 12 (Victor Rask 24, Alex Galchenyuk 20) at 13:12
5. Long Beach Ice Dogs , Gabriel Vilardi 27 (Brendan Gallagher 31) at 19:52 (SH)
Penalties :
Milan Lucic (HAV) for Holding (Minor) at 0:55, Brendan Gallagher (TRM) for Holding Stick (Minor) at 6:09, Zack Kassian (TRM) for High sticking (Double Minor) at 7:11, Riley Stillman (TRM) for Hooking (Minor) at 19:01
3rd period
6. Havana Tropicals , Pierre-Edouard Bellemare 28 (Teddy Blueger 49, Tucker Poolman 11) at 1:09
7. Havana Tropicals , Zach Aston-Reese 24 (Robert Bortuzzo 15, Pierre-Edouard Bellemare 42) at 5:06
8. Long Beach Ice Dogs , Alex Galchenyuk 14 (Yan Kuznetsov 2, Olli Juolevi 3) at 5:35
9. Long Beach Ice Dogs , Logan Brown 12 (William Lagesson 20, Jansen Harkins 11) at 18:45
10. Long Beach Ice Dogs , Darren Helm 14 (Brendan Gallagher 32) at 19:37 (Empty Net)
Penalties :
Zack Kassian (TRM) for Fighting (Major) at 7:34, Milan Lucic (HAV) for Fighting (Major) at 7:34, Milan Lucic (HAV) for instigated a fight (Minor) at 7:34, Milan Lucic (HAV) for instigated a fight (10 Minutes Misconduct) at 7:34, Zach Whitecloud (HAV) for High sticking (Minor) at 12:04, Mathieu Olivier (TRM) for High sticking (Minor) at 16:22
Goalie Stats
Arvid Soderblom (HAV), 31 saves from 36 shots - (0.861), L, 9-6-0, 59:12 minutes
Lukas Dostal (TRM), 44 saves from 48 shots - (0.917), W, 7-8-1, 60:00 minutes
Players Stats for Havana Tropicals
Player Name G A P +/- PIM S H SB GA TA FO MP PP MP PK MP
------------------------------------------------------------------------------------
Alexander Nylander 0 0 0 -1 0 1 1 0 0 0 0/0 6:40 0:13 0:00
Chris Tierney 0 0 0 -1 0 4 1 0 1 0 4/9 17:16 4:49 1:49
Dean Kukan 0 0 0 -1 0 1 2 1 0 0 0/0 10:28 0:29 0:00
Dennis Cholowski 0 0 0 -1 0 0 0 0 0 1 0/0 12:24 0:29 1:22
Emil Bemstrom 0 0 0 0 0 2 2 0 1 0 0/1 9:45 1:35 0:00
Henrik Borgstrom 0 0 0 -2 0 3 1 0 1 0 0/5 8:41 1:20 0:46
Milan Lucic 0 0 0 -1 21 4 4 1 0 0 0/0 12:57 3:57 0:00
Nolan Foote 0 0 0 -1 0 0 0 0 0 0 0/0 6:27 0:00 0:00
Pavel Dorofeyev 0 0 0 -1 0 6 3 0 0 0 0/2 11:18 0:00 2:15
Philipp Kurashev 0 0 0 0 0 1 0 1 0 0 2/5 11:05 1:56 0:00
Pierre-Edouard Bellemare 1 2 3 -1 0 7 1 0 0 1 2/4 25:26 7:38 3:42
Robert Bortuzzo 0 2 2 -1 0 4 1 2 0 0 0/0 30:15 8:15 4:07
Sammy Blais 0 0 0 -1 0 2 1 0 0 0 0/1 14:47 4:49 0:00
Teddy Blueger 2 1 3 -1 0 5 1 2 1 0 23/42 25:26 7:38 3:42
Timothy Liljegren 0 0 0 -2 0 1 3 1 0 1 0/0 19:17 5:04 2:33
Tucker Poolman 0 1 1 -2 0 0 1 1 0 1 0/0 19:17 5:04 2:33
Zach Aston-Reese 1 1 2 -2 0 2 1 1 3 0 0/3 21:42 7:28 1:09
Zach Whitecloud 0 1 1 -1 2 5 0 3 1 0 0/0 28:52 8:15 2:45
Players Stats for Long Beach Ice Dogs
Player Name G A P +/- PIM S H SB GA TA FO MP PP MP PK MP
------------------------------------------------------------------------------------
Alex Galchenyuk 1 1 2 3 0 4 0 0 0 0 0/0 15:05 3:22 1:03
Brendan Gallagher 0 2 2 0 2 1 2 1 0 0 7/11 20:25 3:18 5:35
Darren Helm 1 0 1 0 0 3 1 1 0 0 0/9 20:30 3:05 6:04
Gabriel Vilardi 1 0 1 0 0 3 3 0 1 0 13/21 20:40 3:05 6:03
Jansen Harkins 0 1 1 1 0 3 0 0 0 0 1/1 9:17 0:13 0:00
Jujhar Khaira 0 0 0 0 0 1 1 0 1 1 0/0 8:39 0:28 0:33
Justin Schultz 0 1 1 3 0 3 0 1 0 1 0/0 24:58 3:16 7:15
Logan Brown 1 0 1 1 0 2 0 2 0 0 7/10 11:32 0:00 2:22
Mark Pysyk 0 1 1 3 0 3 1 1 0 2 0/0 23:58 3:16 6:54
Mathieu Olivier 0 0 0 1 4 1 1 1 0 0 0/0 9:03 0:00 0:00
Olli Juolevi 0 1 1 1 0 1 0 1 0 0 0/0 12:50 0:00 0:27
Riley Stillman 0 0 0 0 4 0 1 4 0 2 0/0 20:46 3:24 3:42
Shane Bowers 0 0 0 0 0 1 0 0 0 0 3/4 9:44 0:54 0:00
Trey Fix-Wolansky 0 0 0 0 2 2 1 0 0 0 0/1 7:46 0:00 0:00
Victor Rask 1 1 2 3 0 4 1 1 1 0 10/15 20:00 3:22 5:56
William Lagesson 0 1 1 0 0 2 2 1 0 1 0/0 22:53 3:24 6:08
Yan Kuznetsov 0 1 1 0 0 1 2 2 1 1 0/0 15:03 0:00 3:10
Zack Kassian 1 0 1 3 11 2 2 0 0 0 0/0 11:38 2:13 0:00
3 Stars
1 - Victor Rask (TRM)
2 - Alex Galchenyuk (TRM)
3 - Teddy Blueger (HAV)
Power Play
Havana Tropicals - 2 on 9 Attempt(s) - 22.22%
Long Beach Ice Dogs - 0 on 4 Attempt(s) - 0.00%
Penalty Kill
Havana Tropicals - 4 on 4 Attempt(s) - 100.00%
- Score 0 goal in Penalty Kill
Long Beach Ice Dogs - 7 on 9 Attempt(s) - 77.78%
- Score 1 goal in Penalty Kill
Team Stat
Havana Tropicals - Hits : 23 - Faceoff Wins : 31 - Blocked Shots : 13 - Penalty Minutes : 23
Long Beach Ice Dogs - Hits : 18 - Faceoff Wins : 41 - Blocked Shots : 16 - Penalty Minutes : 23
Official
Referees : Jacob Brenk and Francis Charron
Linesman : Brian Mach and Scott Cherrey
Game Notes
Zack Kassian beats up Milan Lucic at 7:34 of 3rd period
Darren Helm has scored in a empty net!
Havana Tropicals
5 vs 5 Forward
Center Left Wing Right Wing Time % Phy DF OF
1 Teddy Blueger Pierre-Edouard Bellemare Zach Aston-Reese 40 1 2 2
2 Chris Tierney Milan Lucic Sammy Blais 30 1 2 2
3 Philipp Kurashev Emil Bemstrom Pavel Dorofeyev 20 1 2 2
4 Henrik Borgstrom Nolan Foote Alexander Nylander 10 1 2 2
5 vs 5 Defense
Defense Defense Time % Phy DF OF
1 Zach Whitecloud Robert Bortuzzo 40 1 2 2
2 Tucker Poolman Timothy Liljegren 30 1 2 2
3 Dean Kukan Dennis Cholowski 20 1 2 2
4 Zach Whitecloud Robert Bortuzzo 10 1 2 2
PowerPlay Forward
Center Left Wing Right Wing Time % Phy DF OF
1 Teddy Blueger Pierre-Edouard Bellemare Zach Aston-Reese 60 1 2 2
2 Chris Tierney Milan Lucic Sammy Blais 40 1 2 2
PowerPlay Defense
Defense Defense Time % Phy DF OF
1 Zach Whitecloud Robert Bortuzzo 60 1 2 2
2 Tucker Poolman Timothy Liljegren 40 1 2 2
Penalty Kill 4 Players Forward
Center Wing Time % Phy DF OF
1 Teddy Blueger Pierre-Edouard Bellemare 60 1 2 2
2 Chris Tierney Milan Lucic 40 1 2 2
Penalty Kill 4 Players Defense
Defense Defense Time % Phy DF OF
1 Zach Whitecloud Robert Bortuzzo 60 1 2 2
2 Tucker Poolman Timothy Liljegren 40 1 2 2
Penalty Kill - 3 Players Forward
Forward Time % Phy DF OF
1 Teddy Blueger 60 1 2 2
2 Pierre-Edouard Bellemare 40 1 2 2
Penalty Kill - 3 Players Defense
Defense Defense Time % Phy DF OF
1 Zach Whitecloud Robert Bortuzzo 60 1 2 2
2 Tucker Poolman Timothy Liljegren 40 1 2 2
4 vs 4 Forward
Center Wing Time % Phy DF OF
1 Teddy Blueger Pierre-Edouard Bellemare 60 1 2 2
2 Chris Tierney Milan Lucic 40 1 2 2
4 vs 4 Defense
Defense Defense Time % Phy DF OF
1 Zach Whitecloud Robert Bortuzzo 60 1 2 2
2 Tucker Poolman Timothy Liljegren 40 1 2 2
Last Minutes Offensive
Center Left Wing Right Wing Defense Defense
Teddy Blueger Pierre-Edouard Bellemare Zach Aston-Reese Zach Whitecloud Robert Bortuzzo
Last Minutes Defensive
Center Left Wing Right Wing Defense Defense
Teddy Blueger Pierre-Edouard Bellemare Zach Aston-Reese Zach Whitecloud Robert Bortuzzo
Goaltenders
Starting : Arvid Soderblom
Backup : Eric Comrie
Extra Forwards
Normal : Philipp Kurashev, Emil Bemstrom, Pavel Dorofeyev - PP : Philipp Kurashev, Emil Bemstrom - PK : Pavel Dorofeyev
Extra Defensemen
Normal : Dean Kukan, Dennis Cholowski, Tucker Poolman - PP : Dean Kukan - PK : Dennis Cholowski, Tucker Poolman
Penalty Shots
Teddy Blueger, Pierre-Edouard Bellemare, Chris Tierney, Milan Lucic, Zach Aston-Reese
Long Beach Ice Dogs
5 vs 5 Forward
Center Left Wing Right Wing Time % Phy DF OF
1 Gabriel Vilardi Darren Helm Brendan Gallagher 30 1 2 2
2 Victor Rask Alex Galchenyuk Zack Kassian 30 1 2 2
3 Logan Brown Jansen Harkins Mathieu Olivier 25 1 2 2
4 Shane Bowers Jujhar Khaira Trey Fix-Wolansky 15 1 2 2
5 vs 5 Defense
Defense Defense Time % Phy DF OF
1 Mark Pysyk Justin Schultz 35 1 2 2
2 Riley Stillman William Lagesson 35 1 2 2
3 Olli Juolevi Yan Kuznetsov 30 1 2 2
4 Mark Pysyk Justin Schultz 0 1 2 2
PowerPlay Forward
Center Left Wing Right Wing Time % Phy DF OF
1 Gabriel Vilardi Darren Helm Brendan Gallagher 50 1 2 2
2 Victor Rask Alex Galchenyuk Zack Kassian 50 1 2 2
PowerPlay Defense
Defense Defense Time % Phy DF OF
1 Mark Pysyk Justin Schultz 50 1 2 2
2 Riley Stillman William Lagesson 50 1 2 2
Penalty Kill 4 Players Forward
Center Wing Time % Phy DF OF
1 Brendan Gallagher Gabriel Vilardi 50 1 2 2
2 Darren Helm Victor Rask 50 1 2 2
Penalty Kill 4 Players Defense
Defense Defense Time % Phy DF OF
1 Mark Pysyk Justin Schultz 50 1 2 2
2 Riley Stillman William Lagesson 50 1 2 2
Penalty Kill - 3 Players Forward
Forward Time % Phy DF OF
1 Brendan Gallagher 50 1 2 2
2 Gabriel Vilardi 50 1 2 2
Penalty Kill - 3 Players Defense
Defense Defense Time % Phy DF OF
1 Mark Pysyk Justin Schultz 50 1 2 2
2 Riley Stillman William Lagesson 50 1 2 2
4 vs 4 Forward
Center Wing Time % Phy DF OF
1 Brendan Gallagher Gabriel Vilardi 50 1 2 2
2 Darren Helm Victor Rask 50 1 2 2
4 vs 4 Defense
Defense Defense Time % Phy DF OF
1 Mark Pysyk Justin Schultz 50 1 2 2
2 Riley Stillman William Lagesson 50 1 2 2
Last Minutes Offensive
Center Left Wing Right Wing Defense Defense
Gabriel Vilardi Darren Helm Brendan Gallagher Mark Pysyk Justin Schultz
Last Minutes Defensive
Center Left Wing Right Wing Defense Defense
Gabriel Vilardi Darren Helm Brendan Gallagher Mark Pysyk Justin Schultz
Goaltenders
Starting : Lukas Dostal
Backup : Spencer Martin
Extra Forwards
Normal : Shane Bowers, Jujhar Khaira, Logan Brown - PP : Shane Bowers, Jujhar Khaira - PK : Logan Brown
Extra Defensemen
Normal : Olli Juolevi, Yan Kuznetsov, Riley Stillman - PP : Olli Juolevi - PK : Yan Kuznetsov, Riley Stillman
Penalty Shots
Brendan Gallagher, Gabriel Vilardi, Darren Helm, Victor Rask, Alex Galchenyuk
% Time on Ice - Havana Tropicals
Lines # - Real PCT - Wanted PCT - Time Play
Normal Forward
1 - 33% - 40% - 12:21
2 - 29% - 30% - 10:48
3 - 21% - 20% - 7:48
4 - 17% - 10% - 6:27
Normal Defense
1 - 43% - 40% - 16:10
2 - 30% - 30% - 11:15
3 - 27% - 20% - 9:59
4 - 0% - 10% - 0:00
PP Forward
1 - 63% - 60% - 8:45
2 - 37% - 40% - 5:03
PP Defense
1 - 60% - 60% - 8:15
2 - 40% - 40% - 5:33
PK Forward
1 - 73% - 60% - 4:51
2 - 27% - 40% - 1:49
PK Defense
1 - 62% - 60% - 4:07
2 - 38% - 40% - 2:33
PK3 Forward
1 - 0% - 60%
2 - 0% - 40%
PK3 Defense
1 - 0% - 60%
2 - 0% - 40%
44 Forward
1 - 75% - 60% - 0:57
2 - 25% - 40% - 0:19
44 Defense
1 - 67% - 60% - 0:51
2 - 33% - 40% - 0:25
Last Minute Offensive - 0:52
Last Minute Defensive - 0:00
Total
Forward - 60:00
Defense - 60:00
|
% Time on Ice - Long Beach Ice Dogs
Lines # - Real PCT - Wanted PCT - Time Play
Normal Forward
1 - 28% - 30% - 10:25
2 - 27% - 30% - 10:08
3 - 24% - 25% - 9:04
4 - 21% - 15% - 7:47
Normal Defense
1 - 36% - 35% - 13:18
2 - 36% - 35% - 13:33
3 - 28% - 30% - 10:33
4 - 0% - 0% - 0:00
PP Forward
1 - 46% - 50% - 3:05
2 - 54% - 50% - 3:35
PP Defense
1 - 49% - 50% - 3:16
2 - 51% - 50% - 3:24
PK Forward
1 - 51% - 50% - 7:06
2 - 49% - 50% - 6:42
PK Defense
1 - 52% - 50% - 7:11
2 - 48% - 50% - 6:37
PK3 Forward
1 - 0% - 50%
2 - 0% - 50%
PK3 Defense
1 - 0% - 50%
2 - 0% - 50%
44 Forward
1 - 51% - 50% - 0:39
2 - 49% - 50% - 0:37
44 Defense
1 - 39% - 50% - 0:30
2 - 61% - 50% - 0:46
Last Minute Offensive - 0:00
Last Minute Defensive - 0:52
Total
Forward - 60:00
Defense - 60:00
|
Play-by-Play
1st period
0:01 of 1st period - Gabriel Vilardi wins face-off versus Teddy Blueger in neutral zone.
0:08 of 1st period - Teddy Blueger is hit by Brendan Gallagher and loses puck.
0:12 of 1st period - Icing by Zach Whitecloud.
0:13 of 1st period - Victor Rask wins face-off versus Zach Aston-Reese in Havana Tropicals zone.
0:16 of 1st period - Slapshot by Alex Galchenyuk.
0:16 of 1st period - Shot Blocked by Robert Bortuzzo.
0:32 of 1st period - Snap shot by Zach Aston-Reese.
0:32 of 1st period - Shot Misses the Net.
0:34 of 1st period - Slapshot by Zach Whitecloud.
0:34 of 1st period - Shot Blocked by William Lagesson.
0:36 of 1st period - Slapshot by Zach Whitecloud.
0:36 of 1st period - Deflect By Alex Galchenyuk.
0:36 of 1st period - Stopped by Lukas Dostal with a rebound.
0:38 of 1st period - Slapshot by Zach Whitecloud.
0:38 of 1st period - Stopped by Lukas Dostal with a rebound.
0:40 of 1st period - Snap shot by Teddy Blueger.
0:40 of 1st period - Shot Blocked by Victor Rask.
0:55 of 1st period - Minor Penalty to Zack Kassian for Slashing.
0:56 of 1st period - Brendan Gallagher wins face-off versus Sammy Blais in Long Beach Ice Dogs zone.
1:34 of 1st period - Timothy Liljegren is hit by Riley Stillman.
2:08 of 1st period - Snap shot by Gabriel Vilardi.
2:08 of 1st period - Shot Blocked by Milan Lucic.
2:55 of 1st period - Penalty to Zack Kassian is over, Zack Kassian is back on ice.
3:07 of 1st period - Slapshot by Trey Fix-Wolansky.
3:07 of 1st period - Stopped by Arvid Soderblom without a rebound.
3:08 of 1st period - Shane Bowers wins face-off versus Henrik Borgstrom in Havana Tropicals zone.
4:45 of 1st period - Wrist shot by Gabriel Vilardi.
4:45 of 1st period - Stopped by Arvid Soderblom with a rebound.
5:19 of 1st period - Snap shot by Emil Bemstrom.
5:19 of 1st period - Stopped by Lukas Dostal with a rebound.
5:36 of 1st period - Wrist shot by Sammy Blais.
5:36 of 1st period - Shot Blocked by Riley Stillman.
5:38 of 1st period - Snap shot by Milan Lucic.
5:38 of 1st period - Shot Misses the Net.
5:40 of 1st period - Snap shot by Sammy Blais.
5:40 of 1st period - Stopped by Lukas Dostal with a rebound.
5:42 of 1st period - Snap shot by Milan Lucic.
5:42 of 1st period - Stopped by Lukas Dostal without a rebound.
5:43 of 1st period - Chris Tierney wins face-off versus Darren Helm in Long Beach Ice Dogs zone.
5:44 of 1st period - Wrist shot by Sammy Blais.
5:44 of 1st period - Shot Blocked by Olli Juolevi.
5:46 of 1st period - Slapshot by Timothy Liljegren.
5:46 of 1st period - Stopped by Lukas Dostal with a rebound.
6:08 of 1st period - Tucker Poolman is hit by Yan Kuznetsov and loses puck.
6:38 of 1st period - Off-side.
6:39 of 1st period - Gabriel Vilardi wins face-off versus Teddy Blueger in neutral zone.
6:42 of 1st period - Wrist shot by Darren Helm.
6:42 of 1st period - Stopped by Arvid Soderblom with a rebound.
6:49 of 1st period - Icing by Teddy Blueger.
6:50 of 1st period - Teddy Blueger wins face-off versus Gabriel Vilardi in Havana Tropicals zone.
6:50 of 1st period - Teddy Blueger is hit by Gabriel Vilardi.
7:03 of 1st period - Minor Penalty to Riley Stillman for Roughing.
7:04 of 1st period - Brendan Gallagher wins face-off versus Teddy Blueger in Long Beach Ice Dogs zone.
7:14 of 1st period - Snap shot by Gabriel Vilardi.
7:14 of 1st period - Shot Misses the Net.
7:30 of 1st period - Sammy Blais is hit by Yan Kuznetsov and loses puck.
9:03 of 1st period - Penalty to Riley Stillman is over, Riley Stillman is back on ice.
9:09 of 1st period - Snap shot by Nolan Foote.
9:09 of 1st period - Shot Blocked by Logan Brown.
9:11 of 1st period - Slapshot by Dean Kukan.
9:11 of 1st period - Stopped by Lukas Dostal with a rebound.
9:54 of 1st period - Jansen Harkins is hit by Henrik Borgstrom and loses puck.
10:07 of 1st period - Alex Galchenyuk is hit by Emil Bemstrom and loses puck.
10:32 of 1st period - Tucker Poolman is hit by Jujhar Khaira and loses puck.
11:07 of 1st period - Teddy Blueger is hit by Trey Fix-Wolansky and loses puck.
11:24 of 1st period - Wrist shot by Emil Bemstrom.
11:24 of 1st period - Shot Blocked by Brendan Gallagher.
11:41 of 1st period - Alex Galchenyuk is hit by Alexander Nylander and loses puck.
12:06 of 1st period - Slapshot by Teddy Blueger.
12:06 of 1st period - Shot Misses the Net.
12:16 of 1st period - Wrist shot by Alex Galchenyuk.
12:16 of 1st period - Shot Misses the Net.
12:26 of 1st period - Slapshot by Henrik Borgstrom.
12:26 of 1st period - Stopped by Lukas Dostal without a rebound.
12:27 of 1st period - Logan Brown wins face-off versus Henrik Borgstrom in Long Beach Ice Dogs zone.
13:12 of 1st period - Icing by Zach Aston-Reese.
13:13 of 1st period - Chris Tierney wins face-off versus Shane Bowers in Havana Tropicals zone.
13:24 of 1st period - Slapshot by Chris Tierney.
13:24 of 1st period - Stopped by Lukas Dostal with a rebound.
13:26 of 1st period - Snap shot by Sammy Blais.
13:26 of 1st period - Shot Misses the Net.
13:28 of 1st period - Slapshot by Dean Kukan.
13:28 of 1st period - Shot Blocked by Yan Kuznetsov.
13:34 of 1st period - Minor Penalty to Trey Fix-Wolansky for Hooking.
13:35 of 1st period - Teddy Blueger wins face-off versus Darren Helm in Long Beach Ice Dogs zone.
13:36 of 1st period - Wrist shot by Pierre-Edouard Bellemare.
13:36 of 1st period - Stopped by Lukas Dostal with a rebound.
13:42 of 1st period - Wrist shot by Teddy Blueger.
13:42 of 1st period - Stopped by Lukas Dostal with a rebound.
13:44 of 1st period - Slapshot by Zach Whitecloud.
13:44 of 1st period - Stopped by Lukas Dostal without a rebound.
13:45 of 1st period - Teddy Blueger wins face-off versus Darren Helm in Long Beach Ice Dogs zone.
13:50 of 1st period - Wrist shot by Pierre-Edouard Bellemare.
13:50 of 1st period - Stopped by Lukas Dostal with a rebound.
13:54 of 1st period - Snap shot by Pierre-Edouard Bellemare.
13:54 of 1st period - Deflect By Teddy Blueger.
13:54 of 1st period - Shot Misses the Net.
13:54 of 1st period - Puck is out of play.
13:55 of 1st period - Teddy Blueger wins face-off versus Brendan Gallagher in Long Beach Ice Dogs zone.
14:04 of 1st period - Snap shot by Teddy Blueger.
14:04 of 1st period - Goal by Teddy Blueger - Havana Tropicals : 1 - Long Beach Ice Dogs : 0.
14:05 of 1st period - Teddy Blueger wins face-off versus Logan Brown in neutral zone.
14:27 of 1st period - Minor Penalty to Mathieu Olivier for Hooking.
14:28 of 1st period - Teddy Blueger wins face-off versus Brendan Gallagher in Long Beach Ice Dogs zone.
14:39 of 1st period - Wrist shot by Victor Rask.
14:39 of 1st period - Shot Misses the Net.
14:41 of 1st period - Slapshot by Mark Pysyk.
14:41 of 1st period - Stopped by Arvid Soderblom without a rebound.
14:42 of 1st period - Teddy Blueger wins face-off versus Darren Helm in Havana Tropicals zone.
14:51 of 1st period - Wrist shot by Darren Helm.
14:51 of 1st period - Stopped by Arvid Soderblom with a rebound.
14:53 of 1st period - Slapshot by Justin Schultz.
14:53 of 1st period - Stopped by Arvid Soderblom with a rebound.
14:55 of 1st period - Slapshot by Justin Schultz.
14:55 of 1st period - Shot Blocked by Teddy Blueger.
14:57 of 1st period - Wrist shot by Darren Helm.
14:57 of 1st period - Shot Blocked by Zach Whitecloud.
14:59 of 1st period - Snap shot by Darren Helm.
14:59 of 1st period - Shot Misses the Net.
15:01 of 1st period - Slapshot by Justin Schultz.
15:01 of 1st period - Deflect By Victor Rask.
15:01 of 1st period - Shot Blocked by Zach Aston-Reese.
15:01 of 1st period - Puck is out of play.
15:02 of 1st period - Brendan Gallagher wins face-off versus Chris Tierney in Havana Tropicals zone.
15:10 of 1st period - Minor Penalty to Milan Lucic for Holding.
15:11 of 1st period - Brendan Gallagher wins face-off versus Teddy Blueger in Havana Tropicals zone.
15:13 of 1st period - Wrist shot by Brendan Gallagher.
15:13 of 1st period - Stopped by Arvid Soderblom without a rebound.
15:14 of 1st period - Brendan Gallagher wins face-off versus Teddy Blueger in Havana Tropicals zone.
15:15 of 1st period - Wrist shot by Gabriel Vilardi.
15:15 of 1st period - Shot Misses the Net.
15:17 of 1st period - Snap shot by Gabriel Vilardi.
15:17 of 1st period - Shot Misses the Net.
15:19 of 1st period - Slapshot by Mark Pysyk.
15:19 of 1st period - Shot Blocked by Robert Bortuzzo.
15:21 of 1st period - Wrist shot by Gabriel Vilardi.
15:21 of 1st period - Shot Misses the Net.
15:23 of 1st period - Snap shot by Gabriel Vilardi.
15:23 of 1st period - Shot Misses the Net.
15:25 of 1st period - Snap shot by Justin Schultz.
15:25 of 1st period - Stopped by Arvid Soderblom without a rebound.
15:26 of 1st period - Teddy Blueger wins face-off versus Darren Helm in Havana Tropicals zone.
15:26 of 1st period - Teddy Blueger is hit by Darren Helm.
15:42 of 1st period - Slapshot by Darren Helm.
15:42 of 1st period - Shot Misses the Net.
15:56 of 1st period - Snap shot by Darren Helm.
15:56 of 1st period - Shot Misses the Net.
16:27 of 1st period - Penalty to Mathieu Olivier is over, Mathieu Olivier is back on ice.
16:32 of 1st period - Wrist shot by Victor Rask.
16:32 of 1st period - Shot Blocked by Timothy Liljegren.
17:10 of 1st period - Penalty to Milan Lucic is over, Milan Lucic is back on ice.
17:22 of 1st period - Off-side.
17:23 of 1st period - Logan Brown wins face-off versus Chris Tierney in neutral zone.
17:48 of 1st period - Olli Juolevi is hit by Tucker Poolman and loses puck.
18:49 of 1st period - Riley Stillman is hit by Milan Lucic.
Goals for this period are 1 for Havana Tropicals vs 0 for Long Beach Ice Dogs.
Shots for this period are 14 for Havana Tropicals vs 8 for Long Beach Ice Dogs.
2nd period
0:01 of 2nd period - Victor Rask wins face-off versus Teddy Blueger in neutral zone.
0:30 of 2nd period - Snap shot by Chris Tierney.
0:30 of 2nd period - Shot Misses the Net.
0:32 of 2nd period - Wrist shot by Sammy Blais.
0:32 of 2nd period - Stopped by Lukas Dostal without a rebound.
0:33 of 2nd period - Gabriel Vilardi wins face-off versus Chris Tierney in Long Beach Ice Dogs zone.
0:33 of 2nd period - Gabriel Vilardi is hit by Chris Tierney.
0:55 of 2nd period - Minor Penalty to Milan Lucic for Holding.
0:56 of 2nd period - Gabriel Vilardi wins face-off versus Teddy Blueger in Havana Tropicals zone.
1:09 of 2nd period - Wrist shot by Gabriel Vilardi.
1:09 of 2nd period - Shot Misses the Net.
1:11 of 2nd period - Slapshot by William Lagesson.
1:11 of 2nd period - Stopped by Arvid Soderblom with a rebound.
1:28 of 2nd period - Slapshot by Zack Kassian.
1:28 of 2nd period - Stopped by Arvid Soderblom with a rebound.
2:09 of 2nd period - Icing by Darren Helm.
2:10 of 2nd period - Gabriel Vilardi wins face-off versus Pavel Dorofeyev in Long Beach Ice Dogs zone.
2:55 of 2nd period - Penalty to Milan Lucic is over, Milan Lucic is back on ice.
3:09 of 2nd period - Slapshot by Jujhar Khaira.
3:09 of 2nd period - Shot Misses the Net.
3:11 of 2nd period - Slapshot by Olli Juolevi.
3:11 of 2nd period - Deflect By Teddy Blueger.
3:11 of 2nd period - Stopped by Arvid Soderblom with a rebound.
3:13 of 2nd period - Snap shot by Olli Juolevi.
3:13 of 2nd period - Shot Misses the Net.
3:23 of 2nd period - Snap shot by Robert Bortuzzo.
3:23 of 2nd period - Stopped by Lukas Dostal with a rebound.
3:25 of 2nd period - Slapshot by Zach Whitecloud.
3:25 of 2nd period - Shot Misses the Net.
3:27 of 2nd period - Wrist shot by Henrik Borgstrom.
3:27 of 2nd period - Shot Blocked by Yan Kuznetsov.
3:29 of 2nd period - Slapshot by Robert Bortuzzo.
3:29 of 2nd period - Shot Hit the Post.
3:31 of 2nd period - Slapshot by Robert Bortuzzo.
3:31 of 2nd period - Shot Blocked by Logan Brown.
3:43 of 2nd period - Gabriel Vilardi is hit by Emil Bemstrom and loses puck.
3:52 of 2nd period - Olli Juolevi is hit by Dean Kukan.
4:12 of 2nd period - Slapshot by Alex Galchenyuk.
4:12 of 2nd period - Shot Hit the Post.
4:14 of 2nd period - Slapshot by Justin Schultz.
4:14 of 2nd period - Stopped by Arvid Soderblom with a rebound.
4:16 of 2nd period - Backhand shot by Justin Schultz.
4:16 of 2nd period - Shot Blocked by Dean Kukan.
4:18 of 2nd period - Slapshot by Mark Pysyk.
4:18 of 2nd period - Deflect By Victor Rask.
4:18 of 2nd period - Goal by Victor Rask - Havana Tropicals : 1 - Long Beach Ice Dogs : 1.
4:19 of 2nd period - Chris Tierney wins face-off versus Victor Rask in neutral zone.
4:24 of 2nd period - Wrist shot by Chris Tierney.
4:24 of 2nd period - Stopped by Lukas Dostal with a rebound.
4:34 of 2nd period - Snap shot by Victor Rask.
4:34 of 2nd period - Stopped by Arvid Soderblom with a rebound.
4:41 of 2nd period - Icing by Chris Tierney.
4:42 of 2nd period - Gabriel Vilardi wins face-off versus Teddy Blueger in Havana Tropicals zone.
4:49 of 2nd period - Slapshot by Gabriel Vilardi.
4:49 of 2nd period - Stopped by Arvid Soderblom without a rebound.
4:50 of 2nd period - Victor Rask wins face-off versus Pierre-Edouard Bellemare in Havana Tropicals zone.
5:15 of 2nd period - William Lagesson is hit by Pavel Dorofeyev and loses puck.
5:22 of 2nd period - Snap shot by Pavel Dorofeyev.
5:22 of 2nd period - Stopped by Lukas Dostal with a rebound.
5:40 of 2nd period - Alex Galchenyuk is hit by Milan Lucic and loses puck.
5:51 of 2nd period - Victor Rask is hit by Milan Lucic and loses puck.
6:09 of 2nd period - Minor Penalty to Brendan Gallagher for Holding Stick.
6:10 of 2nd period - Logan Brown wins face-off versus Teddy Blueger in Long Beach Ice Dogs zone.
6:36 of 2nd period - Mark Pysyk is hit by Zach Aston-Reese and loses puck.
6:41 of 2nd period - Wrist shot by Pierre-Edouard Bellemare.
6:41 of 2nd period - Stopped by Lukas Dostal with a rebound.
6:43 of 2nd period - Snap shot by Zach Whitecloud.
6:43 of 2nd period - Shot Blocked by Mark Pysyk.
6:45 of 2nd period - Slapshot by Robert Bortuzzo.
6:45 of 2nd period - Shot Misses the Net.
6:47 of 2nd period - Slapshot by Robert Bortuzzo.
6:47 of 2nd period - Shot Blocked by Justin Schultz.
6:49 of 2nd period - Slapshot by Robert Bortuzzo.
6:49 of 2nd period - Deflect By Teddy Blueger.
6:49 of 2nd period - Goal by Teddy Blueger - Havana Tropicals : 2 - Long Beach Ice Dogs : 1.
6:50 of 2nd period - Victor Rask wins face-off versus Chris Tierney in neutral zone.
7:11 of 2nd period - Double Minor Penalty to Zack Kassian for High sticking.
7:12 of 2nd period - Teddy Blueger wins face-off versus Darren Helm in Long Beach Ice Dogs zone.
7:13 of 2nd period - Snap shot by Pierre-Edouard Bellemare.
7:13 of 2nd period - Stopped by Lukas Dostal without a rebound.
7:14 of 2nd period - Teddy Blueger wins face-off versus Darren Helm in Long Beach Ice Dogs zone.
7:19 of 2nd period - Snap shot by Teddy Blueger.
7:19 of 2nd period - Stopped by Lukas Dostal with a rebound.
7:21 of 2nd period - Snap shot by Zach Aston-Reese.
7:21 of 2nd period - Shot Blocked by Riley Stillman.
7:23 of 2nd period - Wrist shot by Teddy Blueger.
7:23 of 2nd period - Stopped by Lukas Dostal with a rebound.
7:25 of 2nd period - Backhand shot by Pierre-Edouard Bellemare.
7:25 of 2nd period - Stopped by Lukas Dostal with a rebound.
10:42 of 2nd period - Dean Kukan is hit by William Lagesson and loses puck.
11:07 of 2nd period - Logan Brown is hit by Teddy Blueger and loses puck.
11:11 of 2nd period - Penalty to Zack Kassian is over, Zack Kassian is back on ice.
11:30 of 2nd period - Shane Bowers is hit by Pavel Dorofeyev and loses puck.
12:09 of 2nd period - Icing by Zach Aston-Reese.
12:10 of 2nd period - Shane Bowers wins face-off versus Teddy Blueger in Havana Tropicals zone.
13:12 of 2nd period - Snap shot by Zack Kassian.
13:12 of 2nd period - Goal by Zack Kassian - Havana Tropicals : 2 - Long Beach Ice Dogs : 2.
13:13 of 2nd period - Gabriel Vilardi wins face-off versus Teddy Blueger in neutral zone.
13:24 of 2nd period - Robert Bortuzzo is hit by Brendan Gallagher and loses puck.
13:39 of 2nd period - Justin Schultz is hit by Robert Bortuzzo and loses puck.
14:02 of 2nd period - Emil Bemstrom is hit by Mathieu Olivier and loses puck.
14:07 of 2nd period - Snap shot by Logan Brown.
14:07 of 2nd period - Stopped by Arvid Soderblom with a rebound.
14:23 of 2nd period - Slapshot by Robert Bortuzzo.
14:23 of 2nd period - Shot Misses the Net.
14:25 of 2nd period - Slapshot by Robert Bortuzzo.
14:25 of 2nd period - Stopped by Lukas Dostal with a rebound.
14:27 of 2nd period - Backhand shot by Robert Bortuzzo.
14:27 of 2nd period - Shot Misses the Net.
15:07 of 2nd period - Wrist shot by Philipp Kurashev.
15:07 of 2nd period - Deflect By Pavel Dorofeyev.
15:07 of 2nd period - Shot Misses the Net.
15:07 of 2nd period - Puck is out of play.
15:08 of 2nd period - Victor Rask wins face-off versus Zach Aston-Reese in Long Beach Ice Dogs zone.
15:33 of 2nd period - Icing by Justin Schultz.
15:34 of 2nd period - Logan Brown wins face-off versus Chris Tierney in Long Beach Ice Dogs zone.
15:34 of 2nd period - Logan Brown is hit by Timothy Liljegren.
15:46 of 2nd period - Snap shot by Jansen Harkins.
15:46 of 2nd period - Stopped by Arvid Soderblom with a rebound.
16:02 of 2nd period - Wrist shot by Emil Bemstrom.
16:02 of 2nd period - Shot Misses the Net.
16:04 of 2nd period - Slapshot by Pavel Dorofeyev.
16:04 of 2nd period - Stopped by Lukas Dostal without a rebound.
16:05 of 2nd period - Gabriel Vilardi wins face-off versus Emil Bemstrom in Long Beach Ice Dogs zone.
16:14 of 2nd period - Slapshot by Emil Bemstrom.
16:14 of 2nd period - Shot Blocked by Darren Helm.
16:16 of 2nd period - Slapshot by Pavel Dorofeyev.
16:16 of 2nd period - Stopped by Lukas Dostal with a rebound.
16:51 of 2nd period - Snap shot by Henrik Borgstrom.
16:51 of 2nd period - Deflect By Alexander Nylander.
16:51 of 2nd period - Shot Misses the Net.
16:51 of 2nd period - Puck is out of play.
16:52 of 2nd period - Shane Bowers wins face-off versus Henrik Borgstrom in Long Beach Ice Dogs zone.
16:52 of 2nd period - Shane Bowers is hit by Dean Kukan.
17:00 of 2nd period - Slapshot by Nolan Foote.
17:00 of 2nd period - Shot Misses the Net.
17:18 of 2nd period - Jujhar Khaira is hit by Milan Lucic.
18:06 of 2nd period - Snap shot by Trey Fix-Wolansky.
18:06 of 2nd period - Deflect By Shane Bowers.
18:06 of 2nd period - Stopped by Arvid Soderblom with a rebound.
18:08 of 2nd period - Snap shot by Jujhar Khaira.
18:08 of 2nd period - Stopped by Arvid Soderblom with a rebound.
18:10 of 2nd period - Wrist shot by Trey Fix-Wolansky.
18:10 of 2nd period - Stopped by Arvid Soderblom with a rebound.
18:12 of 2nd period - Slapshot by Yan Kuznetsov.
18:12 of 2nd period - Deflect By Jujhar Khaira.
18:12 of 2nd period - Shot Blocked by Zach Whitecloud.
18:12 of 2nd period - Puck is out of play.
18:13 of 2nd period - Brendan Gallagher wins face-off versus Teddy Blueger in Havana Tropicals zone.
19:01 of 2nd period - Minor Penalty to Riley Stillman for Hooking.
19:02 of 2nd period - Victor Rask wins face-off versus Teddy Blueger in Long Beach Ice Dogs zone.
19:09 of 2nd period - Robert Bortuzzo is hit by William Lagesson and loses puck.
19:32 of 2nd period - Snap shot by Milan Lucic.
19:32 of 2nd period - Stopped by Lukas Dostal with a rebound.
19:34 of 2nd period - Wrist shot by Sammy Blais.
19:34 of 2nd period - Deflect By Milan Lucic.
19:34 of 2nd period - Stopped by Lukas Dostal with a rebound.
19:36 of 2nd period - Slapshot by Robert Bortuzzo.
19:36 of 2nd period - Shot Misses the Net.
19:38 of 2nd period - Snap shot by Milan Lucic.
19:38 of 2nd period - Stopped by Lukas Dostal without a rebound.
19:39 of 2nd period - Teddy Blueger wins face-off versus Darren Helm in Long Beach Ice Dogs zone.
19:52 of 2nd period - Snap shot by Gabriel Vilardi.
19:52 of 2nd period - Goal by Gabriel Vilardi - Havana Tropicals : 2 - Long Beach Ice Dogs : 3.
19:53 of 2nd period - Pierre-Edouard Bellemare wins face-off versus Victor Rask in neutral zone.
Goals for this period are 1 for Havana Tropicals vs 3 for Long Beach Ice Dogs.
Shots for this period are 16 for Havana Tropicals vs 14 for Long Beach Ice Dogs.
3rd period
0:01 of 3rd period - Victor Rask wins face-off versus Zach Aston-Reese in neutral zone.
0:34 of 3rd period - Off-side.
0:35 of 3rd period - Teddy Blueger wins face-off versus Brendan Gallagher in neutral zone.
0:43 of 3rd period - Icing by Tucker Poolman.
0:44 of 3rd period - Brendan Gallagher wins face-off versus Teddy Blueger in Havana Tropicals zone.
1:01 of 3rd period - Penalty to Riley Stillman is over, Riley Stillman is back on ice.
1:09 of 3rd period - Snap shot by Pierre-Edouard Bellemare.
1:09 of 3rd period - Goal by Pierre-Edouard Bellemare - Havana Tropicals : 3 - Long Beach Ice Dogs : 3.
1:10 of 3rd period - Teddy Blueger wins face-off versus Gabriel Vilardi in neutral zone.
1:35 of 3rd period - Milan Lucic is hit by Mark Pysyk.
1:39 of 3rd period - Jansen Harkins is hit by Sammy Blais and loses puck.
1:48 of 3rd period - Wrist shot by Jansen Harkins.
1:48 of 3rd period - Stopped by Arvid Soderblom with a rebound.
2:00 of 3rd period - William Lagesson is hit by Timothy Liljegren and loses puck.
4:00 of 3rd period - Logan Brown is hit by Pierre-Edouard Bellemare and loses puck.
4:23 of 3rd period - Snap shot by William Lagesson.
4:23 of 3rd period - Stopped by Arvid Soderblom with a rebound.
4:41 of 3rd period - Slapshot by Mark Pysyk.
4:41 of 3rd period - Stopped by Arvid Soderblom without a rebound.
4:42 of 3rd period - Victor Rask wins face-off versus Philipp Kurashev in Havana Tropicals zone.
4:53 of 3rd period - Snap shot by Alex Galchenyuk.
4:53 of 3rd period - Stopped by Arvid Soderblom with a rebound.
4:55 of 3rd period - Snap shot by Mark Pysyk.
4:55 of 3rd period - Stopped by Arvid Soderblom without a rebound.
4:56 of 3rd period - Teddy Blueger wins face-off versus Gabriel Vilardi in Havana Tropicals zone.
4:56 of 3rd period - Teddy Blueger is hit by Gabriel Vilardi.
5:04 of 3rd period - Slapshot by Robert Bortuzzo.
5:04 of 3rd period - Stopped by Lukas Dostal with a rebound.
5:06 of 3rd period - Wrist shot by Zach Aston-Reese.
5:06 of 3rd period - Goal by Zach Aston-Reese - Havana Tropicals : 4 - Long Beach Ice Dogs : 3.
5:07 of 3rd period - Gabriel Vilardi wins face-off versus Teddy Blueger in neutral zone.
5:14 of 3rd period - Wrist shot by Brendan Gallagher.
5:14 of 3rd period - Shot Misses the Net.
5:19 of 3rd period - Off-side.
5:20 of 3rd period - Victor Rask wins face-off versus Teddy Blueger in neutral zone.
5:31 of 3rd period - Wrist shot by Victor Rask.
5:31 of 3rd period - Stopped by Arvid Soderblom with a rebound.
5:33 of 3rd period - Slapshot by Olli Juolevi.
5:33 of 3rd period - Shot Misses the Net.
5:35 of 3rd period - Slapshot by Yan Kuznetsov.
5:35 of 3rd period - Deflect By Alex Galchenyuk.
5:35 of 3rd period - Goal by Alex Galchenyuk - Havana Tropicals : 4 - Long Beach Ice Dogs : 4.
5:36 of 3rd period - Teddy Blueger wins face-off versus Gabriel Vilardi in neutral zone.
5:39 of 3rd period - Wrist shot by Zach Aston-Reese.
5:39 of 3rd period - Shot Misses the Net.
5:41 of 3rd period - Snap shot by Zach Aston-Reese.
5:41 of 3rd period - Stopped by Lukas Dostal without a rebound.
5:42 of 3rd period - Teddy Blueger wins face-off versus Gabriel Vilardi in Long Beach Ice Dogs zone.
6:09 of 3rd period - Wrist shot by Emil Bemstrom.
6:09 of 3rd period - Stopped by Lukas Dostal without a rebound.
6:10 of 3rd period - Philipp Kurashev wins face-off versus Victor Rask in Long Beach Ice Dogs zone.
7:25 of 3rd period - Snap shot by Chris Tierney.
7:25 of 3rd period - Stopped by Lukas Dostal without a rebound.
7:26 of 3rd period - Chris Tierney wins face-off versus Victor Rask in Long Beach Ice Dogs zone.
7:34 of 3rd period - Zack Kassian beats up Milan Lucic.
7:34 of 3rd period - Penalty to Zack Kassian for Fighting.
7:34 of 3rd period - Penalty to Milan Lucic for Fighting.
7:34 of 3rd period - Penalty to Milan Lucic for instigated a fight.
7:34 of 3rd period - Penalty to Milan Lucic for instigated a fight.
7:35 of 3rd period - Gabriel Vilardi wins face-off versus Teddy Blueger in neutral zone.
7:50 of 3rd period - Snap shot by Darren Helm.
7:50 of 3rd period - Shot Misses the Net.
8:41 of 3rd period - Timothy Liljegren is hit by Gabriel Vilardi and loses puck.
9:34 of 3rd period - Penalty to Milan Lucic is over, Henrik Borgstrom is send on ice.
9:40 of 3rd period - Snap shot by Philipp Kurashev.
9:40 of 3rd period - Stopped by Lukas Dostal with a rebound.
10:00 of 3rd period - Slapshot by Alexander Nylander.
10:00 of 3rd period - Stopped by Lukas Dostal without a rebound.
10:01 of 3rd period - Logan Brown wins face-off versus Henrik Borgstrom in Long Beach Ice Dogs zone.
10:10 of 3rd period - Wrist shot by Henrik Borgstrom.
10:10 of 3rd period - Stopped by Lukas Dostal with a rebound.
10:12 of 3rd period - Slapshot by Henrik Borgstrom.
10:12 of 3rd period - Stopped by Lukas Dostal without a rebound.
10:13 of 3rd period - Teddy Blueger wins face-off versus Victor Rask in Long Beach Ice Dogs zone.
10:24 of 3rd period - Slapshot by Pierre-Edouard Bellemare.
10:24 of 3rd period - Shot Blocked by Riley Stillman.
10:26 of 3rd period - Slapshot by Zach Whitecloud.
10:26 of 3rd period - Stopped by Lukas Dostal without a rebound.
10:27 of 3rd period - Teddy Blueger wins face-off versus Gabriel Vilardi in Long Beach Ice Dogs zone.
10:52 of 3rd period - Robert Bortuzzo is hit by Victor Rask and loses puck.
11:18 of 3rd period - Riley Stillman is hit by Timothy Liljegren and loses puck.
11:27 of 3rd period - Wrist shot by Nolan Foote.
11:27 of 3rd period - Shot Misses the Net.
11:32 of 3rd period - Icing by Logan Brown.
11:33 of 3rd period - Teddy Blueger wins face-off versus Logan Brown in Long Beach Ice Dogs zone.
11:34 of 3rd period - Snap shot by Pierre-Edouard Bellemare.
11:34 of 3rd period - Stopped by Lukas Dostal with a rebound.
11:38 of 3rd period - Slapshot by Pierre-Edouard Bellemare.
11:38 of 3rd period - Shot Misses the Net.
11:40 of 3rd period - Wrist shot by Teddy Blueger.
11:40 of 3rd period - Shot Blocked by Mathieu Olivier.
11:42 of 3rd period - Slapshot by Zach Whitecloud.
11:42 of 3rd period - Stopped by Lukas Dostal without a rebound.
11:43 of 3rd period - Pierre-Edouard Bellemare wins face-off versus Gabriel Vilardi in Long Beach Ice Dogs zone.
11:44 of 3rd period - Snap shot by Teddy Blueger.
11:44 of 3rd period - Shot Misses the Net.
11:50 of 3rd period - Slapshot by Teddy Blueger.
11:50 of 3rd period - Shot Misses the Net.
11:58 of 3rd period - Wrist shot by Gabriel Vilardi.
11:58 of 3rd period - Shot Misses the Net.
12:04 of 3rd period - Minor Penalty to Zach Whitecloud for High sticking.
12:05 of 3rd period - Teddy Blueger wins face-off versus Brendan Gallagher in Havana Tropicals zone.
12:30 of 3rd period - Snap shot by Victor Rask.
12:30 of 3rd period - Stopped by Arvid Soderblom with a rebound.
12:32 of 3rd period - Snap shot by William Lagesson.
12:32 of 3rd period - Shot Blocked by Teddy Blueger.
12:34 of 3rd period - Penalty to Milan Lucic is over, Pavel Dorofeyev is send on ice.
12:34 of 3rd period - Slapshot by William Lagesson.
12:34 of 3rd period - Shot Misses the Net.
12:36 of 3rd period - Slapshot by Alex Galchenyuk.
12:36 of 3rd period - Stopped by Arvid Soderblom without a rebound.
12:37 of 3rd period - Victor Rask wins face-off versus Teddy Blueger in Havana Tropicals zone.
12:38 of 3rd period - Snap shot by Alex Galchenyuk.
12:38 of 3rd period - Stopped by Arvid Soderblom without a rebound.
12:39 of 3rd period - Gabriel Vilardi wins face-off versus Pierre-Edouard Bellemare in Havana Tropicals zone.
13:57 of 3rd period - Dennis Cholowski is hit by Zack Kassian and loses puck.
14:04 of 3rd period - Penalty to Zach Whitecloud is over, Zach Whitecloud is back on ice.
14:16 of 3rd period - Snap shot by Zach Whitecloud.
14:16 of 3rd period - Shot Misses the Net.
14:18 of 3rd period - Wrist shot by Pavel Dorofeyev.
14:18 of 3rd period - Stopped by Lukas Dostal with a rebound.
14:20 of 3rd period - Slapshot by Robert Bortuzzo.
14:20 of 3rd period - Stopped by Lukas Dostal with a rebound.
14:22 of 3rd period - Wrist shot by Pavel Dorofeyev.
14:22 of 3rd period - Stopped by Lukas Dostal with a rebound.
14:24 of 3rd period - Slapshot by Pavel Dorofeyev.
14:24 of 3rd period - Shot Blocked by Riley Stillman.
14:28 of 3rd period - Snap shot by Chris Tierney.
14:28 of 3rd period - Stopped by Lukas Dostal with a rebound.
14:37 of 3rd period - Snap shot by Pavel Dorofeyev.
14:37 of 3rd period - Stopped by Lukas Dostal without a rebound.
14:38 of 3rd period - Gabriel Vilardi wins face-off versus Henrik Borgstrom in Long Beach Ice Dogs zone.
15:03 of 3rd period - Zach Aston-Reese is hit by Zack Kassian and loses puck.
15:46 of 3rd period - Wrist shot by Logan Brown.
15:46 of 3rd period - Shot Blocked by Zach Whitecloud.
15:48 of 3rd period - Slapshot by Yan Kuznetsov.
15:48 of 3rd period - Stopped by Arvid Soderblom without a rebound.
15:49 of 3rd period - Teddy Blueger wins face-off versus Trey Fix-Wolansky in Havana Tropicals zone.
16:22 of 3rd period - Minor Penalty to Mathieu Olivier for High sticking.
16:23 of 3rd period - Teddy Blueger wins face-off versus Darren Helm in Long Beach Ice Dogs zone.
16:38 of 3rd period - Slapshot by Zach Whitecloud.
16:38 of 3rd period - Shot Misses the Net.
17:20 of 3rd period - Snap shot by Brendan Gallagher.
17:20 of 3rd period - Shot Misses the Net.
17:22 of 3rd period - Snap shot by Gabriel Vilardi.
17:22 of 3rd period - Shot Misses the Net.
18:22 of 3rd period - Penalty to Mathieu Olivier is over, Mathieu Olivier is back on ice.
18:35 of 3rd period - Icing by Pavel Dorofeyev.
18:36 of 3rd period - Jansen Harkins wins face-off versus Pavel Dorofeyev in Havana Tropicals zone.
18:39 of 3rd period - Wrist shot by Jansen Harkins.
18:39 of 3rd period - Stopped by Arvid Soderblom with a rebound.
18:41 of 3rd period - Slapshot by William Lagesson.
18:41 of 3rd period - Shot Blocked by Tucker Poolman.
18:43 of 3rd period - Slapshot by Logan Brown.
18:43 of 3rd period - Shot Misses the Net.
18:45 of 3rd period - Wrist shot by Logan Brown.
18:45 of 3rd period - Goal by Logan Brown - Havana Tropicals : 4 - Long Beach Ice Dogs : 5.
18:46 of 3rd period - Teddy Blueger wins face-off versus Gabriel Vilardi in neutral zone.
18:49 of 3rd period - Havana Tropicals, Arvid Soderblom is pulled from the net.
19:17 of 3rd period - Icing by Mark Pysyk.
19:18 of 3rd period - Gabriel Vilardi wins face-off versus Teddy Blueger in Long Beach Ice Dogs zone.
19:23 of 3rd period - Wrist shot by Brendan Gallagher.
19:23 of 3rd period - Shot Misses the Net.
19:37 of 3rd period - Snap shot by Darren Helm.
19:37 of 3rd period - Goal by Darren Helm - Havana Tropicals : 4 - Long Beach Ice Dogs : 6.
19:37 of 3rd period - Arvid Soderblom from Havana Tropicals was sent back in the game.
19:38 of 3rd period - Logan Brown wins face-off versus Philipp Kurashev in neutral zone.
19:41 of 3rd period - Slapshot by William Lagesson.
19:41 of 3rd period - Deflect By Jansen Harkins.
19:41 of 3rd period - Shot Blocked by Philipp Kurashev.
19:41 of 3rd period - Puck is out of play.
19:42 of 3rd period - Logan Brown wins face-off versus Philipp Kurashev in Havana Tropicals zone.
19:43 of 3rd period - Wrist shot by Mathieu Olivier.
19:43 of 3rd period - Stopped by Arvid Soderblom without a rebound.
19:44 of 3rd period - Philipp Kurashev wins face-off versus Logan Brown in Havana Tropicals zone.
19:49 of 3rd period - Jansen Harkins is hit by Pavel Dorofeyev and loses puck.
Goals for this period are 2 for Havana Tropicals vs 3 for Long Beach Ice Dogs.
Shots for this period are 18 for Havana Tropicals vs 15 for Long Beach Ice Dogs.
Back to the Top